 Dungeon Crawl Stone Soup version 0.28.0-43-g3370ac3207 (webtiles) character file.

Game seed: 11258202626823852808

1326 sanboga the Chopper (level 8, -5/51 HPs)
             Began as a Gargoyle Fighter on Mar 17, 2022.
             Slain by an ogre
             ... wielding a +0 giant spiked club
              (16 damage)
             ... on level 5 of the Dungeon.
             The game lasted 00:05:42 (4663 turns).

sanboga the Chopper (Gargoyle Fighter)              Turns: 4663, Time: 00:05:43

Health: -5/51      AC: 17    Str: 22    XL:     8   Next: 60%
Magic:  8/8        EV:  9    Int:  9    God:
Gold:   237        SH:  5    Dex:  9    Spells: 7/7 levels left

rFire   . . .      SeeInvis .   a - +1 war axe
rCold   . . .      Faith    .   c - +0 buckler
rNeg    + . .      Spirit   .   b - +0 scale mail
rPois   ∞          Reflect  .   k - +0 helmet
rElec   +          Harm     .   (no cloak)
rCorr   .          Rampage  .   (no gloves)
Will    .....                   d - +2 pair of boots
Stlth   ..........              (no amulet)
HPRegen 0.17/turn               (no ring)
MPRegen 0.11/turn               (no ring)

@: no status effects
A: sickness immunity, AC +5, negative energy resistance 1, electricity
resistance, torment resistance 1, petrification resistance, talons 1
a: no special abilities


You were on level 5 of the Dungeon.
You visited 1 branch of the dungeon, and saw 5 of its levels.
You also visited: Ossuary.

You collected 237 gold pieces.

Inventory:

Hand Weapons
 a - a +1 war axe (weapon)
Armour
 b - a +0 scale mail (worn)
 c - a +0 buckler (worn)
 d - a +2 pair of boots (worn)
 k - a +0 helmet (worn)
Wands
 h - a wand of digging (1)
 s - a wand of flame (4)
Scrolls
 g - 2 scrolls of teleportation
 m - a scroll of enchant weapon
Potions
 e - a potion of haste {unknown}
 f - 2 potions of resistance {unknown}
 i - 3 potions of cancellation {unknown}
 j - a potion of attraction {unknown}
 l - a potion of lignification {unknown}
 n - 2 potions of heal wounds
 o - 3 potions of berserk rage {unknown}
 p - 6 potions of curing
 q - 2 potions of degeneration {unknown}
 r - a potion of mutation


   Skills:
 + Level 5.9 Fighting
 * Level 6.1 Axes
 + Level 6.0 Armour
 + Level 5.9 Shields


You had 7 spell levels left.
You didn't know any spells.
Your spell library contained the following spells:

 Spells                   Type           Power      Damage    Failure   Level
 Animate Skeleton         Necr           0%         N/A       77%         1
 Apportation              Tloc           0%         N/A       77%         1
 Magic Dart               Conj           0%         1d3       77%         1
 Summon Small Mammal      Summ           0%         N/A       77%         1
 Searing Ray              Conj           0%         2d4       88%         2
 Frozen Ramparts          Ice            0%         1d2       98%         3
 Inner Flame              Hex/Fire       0%         N/A       98%         3
 Ozocubu's Armour         Ice            0%         N/A       98%         3
 Tukima's Dance           Hex            0%         N/A       98%         3
 Anguish                  Hex/Necr       0%         N/A       100%        4
 Cause Fear               Hex            0%         N/A       100%        4
 Fulminant Prism          Conj/Hex       0%         3d6       100%        4
 Ice Form                 Ice/Tmut       0%         N/A       100%        4
 Enfeeble                 Hex            0%         N/A       100%        7
 Discord                  Hex            0%         N/A       100%        8


Dungeon Overview and Level Annotations

Branches:
Dungeon (5/15)            Ossuary (visited)
 Temple: D:4-7

Altars:
Ashenzari
Gozag
Makhleb
Qazlal
The Shining One


Innate Abilities, Weirdness & Mutations

You are immune to sickness and miasma.
Your stone body is resilient. (AC +5)
You are immune to poison.
You resist negative energy. (rN+)
You are resistant to electric shocks. (rElec)
You are resistant to unholy torment.
You are immune to petrification.
You have sharp toenails.


Message History

You barely miss the quokka.
The quokka bites you but does no damage.
The quokka closely misses you.
You slash the quokka!
You kill the quokka!
You see here an iguana corpse.
You start resting.
HP restored.
An ogre and an orc come into view.
The orc is wielding a +4 whip of electrocution.
Found 21 gold pieces.
The orc shouts!
You hear an angry hiss.
An adder comes into view.
The orc barely misses you.
There are monsters nearby!
There are monsters nearby!
You hit the orc.
The orc is severely wounded.
The orc hits you with a +4 whip of electrocution.
You hit the orc.
You kill the orc!
You barely miss the ogre. You block the ogre's attack.
You barely miss the ogre. You closely miss the adder.
The adder bites you but does no damage.
The ogre hits you with a +0 giant spiked club!
The adder closely misses you.
You barely miss the ogre. You closely miss the adder.
You block the adder's attack.
The ogre hits you with a +0 giant spiked club!!
You closely miss the ogre. You barely miss the adder.
The adder barely misses you.
The ogre hits you with a +0 giant spiked club!
* * * LOW HITPOINT WARNING * * *
The adder bites you but does no damage.
You slash the ogre!
The ogre is moderately wounded.
You slash the adder! The adder bites you.
* * * LOW HITPOINT WARNING * * *
The ogre hits you with a +0 giant spiked club!
You die...

#####...######. ##
#...## #. # $ ##
#....# #. #.#.#.####
#..#.# #.
#...#..#.####..#.##
#.
.#.#...#...#.####..#
##
.....#...#....†....#
#..S#...#.####..#
#O@#.#### ...#
#.#### ##.# ## .# .#
.#


You could see an ogre and an adder.

Vanquished Creatures
  A wyvern (D:4)
  Sigmund (D:3)
  An ogre (D:4)
  3 water moccasin zombies (Ossuary)
  A wyvern skeleton (D:4)
  4 wights (D:4)
  A centaur zombie (D:3)
  3 orc priests (D:4)
  Jessica (D:2)
  2 iguanas (D:5)
  3 orc wizards (D:4)
  Natasha (twice) (D:3)
  2 hound skeletons (D:4)
  2 mummies (Ossuary)
  Robin (D:2)
  A gnoll (D:1)
  2 adders (D:4)
  6 adder zombies (Ossuary)
  A worm (D:3)
  2 dart slugs
  10 orcs
  8 ball pythons
  2 endoplasms (D:4)
  2 giant cockroaches
  9 hobgoblins
  7 jackals
  3 quokkas
  6 bats (D:1)
  2 frilled lizards
  4 gnoll zombies (Ossuary)
  16 goblins
  2 hobgoblin zombies (Ossuary)
  7 kobolds
  9 kobold zombies (Ossuary)
  12 orc zombies (Ossuary)
  2 rats (D:1)
  A rat zombie (D:4)
142 creatures vanquished.

Vanquished Creatures (others)
  Natasha (D:3)
  2 demonic plants (D:1)
3 creatures vanquished.

Grand Total: 145 creatures vanquished

Notes
Turn   | Place    | Note
-------+----------+-------------------------------------------
     0 | D:1      | sanboga the Gargoyle Fighter began the quest for the Orb.
     0 | D:1      | Reached XP level 1. HP: 14/14 MP: 1/1
   189 | D:1      | Reached XP level 2. HP: 7/19 MP: 2/2
   549 | D:1      | Reached XP level 3. HP: 21/23 MP: 3/3
   836 | D:1      | Found a faded altar of an unknown god.
  1068 | D:2      | Noticed Robin
  1098 | D:2      | Killed Robin
  1219 | D:2      | Reached XP level 4. HP: 29/29 MP: 4/4
  1224 | D:2      | Noticed Jessica
  1236 | D:2      | Killed Jessica
  1369 | D:2      | Found an opulent altar of Gozag.
  1428 | D:2      | Got the Handbook of the Frostbite
  1894 | D:3      | Noticed Sigmund
  1908 | D:3      | Killed Sigmund
  1909 | D:3      | Reached XP level 5. HP: 18/33 MP: 5/5
  1909 | D:3      | Reached XP level 6. HP: 21/38 MP: 6/6
  2082 | D:3      | Noticed Natasha
  2087 | D:3      | Killed Natasha
  2308 | D:3      | Noticed Natasha
  2321 | D:3      | Killed Natasha
  2536 | D:3      | Noticed Natasha
  2547 | D:3      | Found a glowing golden altar of the Shining One.
  2571 | D:3      | Gained mutation: You have sharp toenails. [potion of
                  | mutation]
  2572 | D:3      | Killed Natasha
  2788 | D:4      | Found a sand-covered staircase.
  2798 | Ossuary  | Entered an ossuary
  2943 | Ossuary  | Reached XP level 7. HP: 42/44 MP: 7/7
  3012 | D:4      | Reached skill level 5 in Fighting
  3012 | D:4      | Reached skill level 5 in Shields
  3127 | D:4      | Found a stormy altar of Qazlal.
  3284 | D:4      | Noticed an air elemental
  3284 | D:4      | Noticed a water elemental
  3284 | D:4      | Noticed a fire elemental
  3294 | D:4      | Reached skill level 5 in Armour
  3389 | D:4      | Reached skill level 5 in Axes
  3527 | D:4      | Found a broken altar of Ashenzari.
  3629 | D:4      | Noticed a wyvern
  3633 | D:4      | Killed a wyvern
  3634 | D:4      | Reached XP level 8. HP: 50/50 MP: 8/8
  4373 | D:5      | Entered Level 5 of the Dungeon
  4440 | D:5      | Found a burning altar of Makhleb.
  4663 | D:5      | Slain by an ogre

Illustrated notes

Levels and vault maps discovered:
D:1:      dpeg_arrival_rooms_b, layout_loops_ring,
          dreamdust_ecumenical_altar_sealed_demon
D:2:      layout_basic, basic_altar, uniq_robin, uniq_jessica
D:3:      layout_loops_cross, mainiacjoe_overflow_concentric_impassable,
          grunt_ministairs_8, supply_closet_lemuel, uniq_natasha, uniq_sigmund
D:4:      cheibrodos_pilgrimage, layout_cave_pods,
          mainiacjoe_overflow_six_doors_small, nicolae_qazlal_style_of_elements,
          enter_ossuary_3, nicolae_zen_rock_garden
D:5:      minmay_spotlight, layout_basic, mainiacjoe_overflow_cross_hatched,
          kennysheep_little_box, serial_shops, kennysheep_mini

Skill      XL: |  1  2  3  4  5  6  7  8 |
---------------+-------------------------+-----
Axes           | 2 3 4 5 6 |  6.1
Fighting       | 4 5 |  5.9
Armour         | 4 5 6 |  6.0
Shields        | 4 5 |  5.9

Action                   |  1- 3 |  4- 6 |  7- 9 || total
-------------------------+-------+-------+-------++-------
Melee: War axe           |    85 |   165 |   104 ||   354
       Kick              |       |    18 |    23 ||    41
  Use: Potion            |       |     2 |     3 ||     5
       Scroll            |       |     4 |     1 ||     5
Armor: Scale mail        |    55 |   105 |    58 ||   218
Dodge: Dodged            |    45 |   104 |    60 ||   209
Block: Buckler           |    28 |    50 |    29 ||   107
